 Dungeon Crawl Stone Soup version 0.28-a0-919-g0b5b508569 (webtiles) character file.

Game seed: 5573375620388246456

210 avis the Chopper (level 5, -5/45 HPs)
             Began as a Hill Orc Fighter on Nov 25, 2021.
             Was an Initiate of Beogh.
             Killed by divine providence
             ... invoked by an orc priest
              (11 damage)
             ... on level 3 of the Dungeon.
             The game lasted 00:08:02 (2623 turns).

avis the Chopper (Hill Orc Fighter)                 Turns: 2623, Time: 00:08:02

Health: -5/45      AC:  6    Str: 20    XL:     5   Next: 88%
Magic:  5/5        EV:  9    Int:  8    God:    Beogh [......]
Gold:   174        SH:  9    Dex: 10    Spells: 4/4 levels left

rFire   . . .      SeeInvis .   a - +0 war axe
rCold   . . .      Faith    .   c - +0 buckler
rNeg    . . .      Spirit   .   b - +0 scale mail
rPois   .          Reflect  +   (no helmet)
rElec   .          Harm     .   (no cloak)
rCorr   .          Rampage  .   (no gloves)
Will    .....                   (no boots)
Stlth   ..........              g - amulet of reflection
HPRegen 0.15/turn               (no ring)
MPRegen 0.09/turn               (no ring)

@: no status effects
A: no striking features
a: Renounce Religion


You were on level 3 of the Dungeon.
You worshipped Beogh.
Beogh was noncommittal.
You visited 1 branch of the dungeon, and saw 3 of its levels.

You collected 174 gold pieces.

Inventory:

Hand Weapons
 a - a +0 war axe (weapon)
 s - a +2 falchion of electrocution
 t - a +2 spear of flaming
 u - a +1 dagger of venom
Missiles
 f - 61 stones (quivered)
 k - 35 sling bullets
 q - 29 bolts
Armour
 b - a +0 scale mail (worn)
 c - a +0 buckler (worn)
Jewellery
 g - an amulet of reflection (around neck)
Scrolls
 e - 2 scrolls of teleportation {unknown}
 h - a scroll of magic mapping {unknown}
 i - 2 scrolls of identify {unknown}
 j - a scroll of fear {unknown}
 l - 2 scrolls of blinking {unknown}
 o - a scroll of silence {unknown}
Potions
 d - 2 potions of might
 m - 2 potions of heal wounds {unknown}
 n - a potion of curing {unknown}
 p - a potion of mutation {unknown}
 r - a potion of resistance {unknown}


   Skills:
 - Level 3.6 Fighting
 * Level 7.8 Axes
 - Level 3.2 Armour
 - Level 3.2 Shields


You had 4 spell levels left.
You didn't know any spells.
Your spell library was empty.

Dungeon Overview and Level Annotations

Branches:
Dungeon (3/15)

Altars:
Makhleb

Annotations:
D:3 3 runed translucent doors, ragingrage's ghost, amateur PaWr


Message History

You slash the orc!
You kill the orc!
Beogh accepts your kill. The adder misses you. The adder barely misses you.
You barely miss the adder. You block the adder's attack.
You miss the adder. You block the adder's attack. x2
You barely miss the adder. The adder closely misses you.
You barely miss the adder. You block the adder's attack.
The adder bites you but does no damage.
You closely miss the adder. You block the adder's attack.
You miss the adder. You block the adder's attack. x2
You hit the adder.
The adder is heavily wounded.
You block the adder's attack.
You slash the adder!
You kill the adder!
Beogh accepts your kill.
The orc priest mumbles some strange prayers to Beogh against you.
Beogh smites you!
You barely miss the orc. The orc hits you with a +0 mace.
You hit the orc.
The orc is heavily wounded.
The orc hits you with a +0 mace.
You slash the orc!
You kill the orc!
Beogh accepts your kill.
You completely miss the orc priest.
The orc priest begins to cast a cantrip, but forgets the words!
You slash the orc priest!
The orc priest is heavily wounded.
The orc priest invokes the aid of Beogh against you.
Beogh smites you!
* * * LOW HITPOINT WARNING * * *
You closely miss the orc priest.
The orc priest is heavily wounded.
The orc priest invokes the aid of Beogh against you.
Beogh smites you!
You die...
Beogh appreciates the orc priest's killing of a heretic priest.

..............#
#..............
..............#
#....).........
..............#
##.............
.......g......# ##............
.............# ####.##......
#......# ##.###รท.... #
#.g##### #####..#)))..## #
#..o.#######.......)##.##. #
##.#.#{go@.......#####.... ##
#.....#####.....####.^#..
.######
###....####..##......###.
......####...........##.###..#
#.
.####...............###.###..#
## ..#
####....#..####.........## #.
#.###......................##
#.
#..........###..#..##....###
#. ......<.#### #....###...##
#.


You could see an orc priest and a goblin.

Vanquished Creatures
  A scorpion (D:2)
  4 gnolls (D:3)
  5 adders
  A worm (D:2)
  5 dart slugs
  3 orcs (D:3)
  4 ball pythons
  8 bats
  4 endoplasms
  2 giant cockroaches
  2 goblins
  7 hobgoblins
  A quokka (D:2)
  5 frilled lizards
  4 kobolds
  7 rats
63 creatures vanquished.

Vanquished Creatures (others)
  A bat (D:3)
  A plant (D:1)
2 creatures vanquished.

Grand Total: 65 creatures vanquished

Notes
Turn   | Place    | Note
-------+----------+-------------------------------------------
     0 | D:1      | avis the Hill Orc Fighter began the quest for the Orb.
     0 | D:1      | Reached XP level 1. HP: 19/19 MP: 1/1
   104 | D:1      | Reached skill level 3 in Axes
   214 | D:1      | Reached XP level 2. HP: 26/26 MP: 2/2
   344 | D:1      | Reached skill level 4 in Axes
   798 | D:1      | Found a faded altar of an unknown god.
   996 | D:2      | Found a burning altar of Makhleb.
  1002 | D:1      | Reached XP level 3. HP: 31/31 MP: 3/3
  1110 | D:2      | Reached skill level 5 in Axes
  1369 | D:2      | Reached XP level 4. HP: 39/39 MP: 4/4
  1501 | D:2      | Noticed a scorpion
  1508 | D:2      | Killed a scorpion
  1509 | D:2      | Reached skill level 6 in Axes
  1509 | D:2      | Reached XP level 5. HP: 45/45 MP: 5/5
  1644 | D:2      | Reached skill level 7 in Axes
  2052 | D:3      | Became a worshipper of Beogh the Brigand
  2185 | D:3      | Found a runed translucent gate.
  2489 | D:3      | Found a runed translucent gate.
  2491 | D:3      | Found a runed translucent gate.
  2492 | D:3      | Noticed ragingrage's ghost (amateur PaWr)
  2623 | D:3      | Killed from afar by an orc priest

Illustrated notes

Levels and vault maps discovered:
D:1:      heliophobic_arrival_glass_houses, layout_loops_ring,
          chequers_ecumenical_altar_lobes, wander_ebering_terrifying_dragon_lair
D:2:      kennysheep_six_static_rooms, layout_basic, basic_altar
D:3:      layout_rooms, gammafunk_ghost_necromancy

Skill      XL: |  1  2  3  4  5 |
---------------+----------------+-----
Axes           | 3 4 5 6 7 |  7.8
Fighting       | |  3.6
Armour         | |  3.2
Shields        | |  3.2

Action                   |  1- 3 |  4- 6 || total
-------------------------+-------+-------++-------
Melee: War axe           |    71 |    99 ||   170
Invok: Convert to Beogh  |       |     1 ||     1
Armor: Scale mail        |    24 |    28 ||    52
Dodge: Dodged            |    25 |    40 ||    65
Block: Buckler           |    28 |    51 ||    79
       Reflection        |       |     1 ||     1

Table legend: (Time is in decaauts)
 A = Elapsed time spent in this place.
 B = Non-inter-level travel time spent in this place.
 C = Inter-level travel time spent in this place.
 D = Time resting spent in this place.
 E = Time spent auto-exploring this place.
 F = Levels seen in this place.
 G = Mean time per level.
                   A        B        C        D        E       F      G
               +--------+--------+--------+--------+--------+-----+--------+
         Total |   2665 |   2417 |    248 |    480 |   1213 |   3 |  888.3 |
       Dungeon |   2665 |   2417 |    248 |    480 |   1213 |   3 |  888.3 |
               +--------+--------+--------+--------+--------+-----+--------+

Top non-repeatable levels by time:
     D:1: 1103 daAuts
     D:2: 1000 daAuts
     D:3: 561 daAuts
